 Dungeon Crawl Stone Soup version 0.25-a0-105-g2289b3b9f1 (webtiles) character file.

Game seed: 15696835104800289632, levelgen mode: deterministic

151473 vurker the Eclecticist (level 17, -42/131 HPs)
             Began as a Mummy Fire Elementalist on Nov 16, 2019.
             Was an Initiate of Gozag.
             Blown up by an orb spider (52 damage)
             ... with an orb of destruction
             ... on level 4 of the Spider Nest.
             The game lasted 01:59:04 (65078 turns).

vurker the Eclecticist (Mummy Fire Elementalist)   Turns: 65078, Time: 01:59:04

Health: -42/131    AC:  7    Str: 11 (12) XL:     17   Next: 1%
Magic:  0/39       EV: 16    Int: 28      God:    Gozag
Gold:   3848       SH:  0    Dex: 18 (20) Spells: 30/52 levels left

rFire    + + .     SeeInvis .   a - staff of fire
rCold    + + .     Gourm    .   h - +0 buckler
rNeg     + + +     Faith    .   w - +0 leather armour of Beogh's Hatred {rF+ rC+ MR+ Dex+3}
rPois    ∞         Spirit   .   L - +0 helmet
rElec    +         Reflect  .   o - +1 cloak of Starlight {rElec rC+ EV+4 Stlth--}
rCorr    .         Harm     +   R - +0 pair of gloves {Dex+3}
MR       +++..                  (no boots)
Stlth    ..........             H - amulet of harm
HPRegen  0.31/turn              J - ring of Vobla {Fire Int+4}
MPRegen  0.26/turn              i - +5 ring of intelligence

@: confused
A: no food or potions, fire vulnerability, cold resistance 1, negative energy
resistance 3, torment resistance, unbreathing, in touch with death 1
a: Potion Petition, Call Merchant, Bribe Branch, Renounce Religion


You were on level 4 of the Spider Nest.
You worshipped Gozag.
Gozag was most pleased with you.
You were not hungry.

You visited 5 branches of the dungeon, and saw 28 of its levels.
You also visited: Gauntlet and Volcano.

You collected 11079 gold pieces.
You spent 3773 gold pieces at shops.
You paid 3458 gold pieces to Gozag.

Inventory:

Armour
 h - a +0 buckler (worn)
   (You found it on level 2 of the Dungeon)
 o - the +1 cloak of Starlight (worn) {rElec rC+ EV+4 Stlth--}
   (You bought it in a shop on level 2 of the Orcish Mines)

   It affects your evasion (+4).
   It protects you from cold.
   It insulates you from electricity.
   It makes you much less stealthy.
 w - the +0 leather armour of Beogh's Hatred (worn) {rF+ rC+ MR+ Dex+3}
   (You took it off a big kobold on level 15 of the Dungeon)

   It affects your dexterity (+3).
   It protects you from fire.
   It protects you from cold.
   It affects your resistance to hostile enchantments.
 L - a +0 helmet (worn)
   (You found it on level 15 of the Dungeon)
 R - a +0 pair of gloves of dexterity (worn)
   (You found it in a Gauntlet)
Magical Staves
 a - an uncursed staff of fire (weapon)
   (You found it on level 14 of the Dungeon)
 b - an uncursed staff of wizardry
   (You found it on level 11 of the Dungeon)
Jewellery
 i - a +5 ring of intelligence (right hand)
   (You found it on level 13 of the Dungeon)
 k - an uncursed ring of resist corrosion
   (You found it on level 5 of the Dungeon)
 l - an uncursed ring of wizardry
   (You found it on level 5 of the Dungeon)
 F - an uncursed ring of magical power
   (You found it on level 2 of the Lair of Beasts)
 G - an uncursed ring of see invisible
   (You found it on level 4 of the Lair of Beasts)
 H - an amulet of harm (around neck)
   (You bought it in a shop on level 12 of the Dungeon)
 I - the ring "Icyor" {rF+ Stlth+}
   (You found it on level 6 of the Lair of Beasts)

   [ring of stealth]

   It protects you from fire.
   It makes you more stealthy.
 J - the ring of Vobla (left hand) {Fire Int+4}
   (You bought it in a shop on level 2 of the Orcish Mines)

   [ring of fire]

   It enhances your fire magic.
   It affects your intelligence (+4).
   It protects you from fire.
   It makes you vulnerable to cold.
Wands
 c - a wand of disintegration (20)
   (You found it on level 13 of the Dungeon)
 d - a wand of iceblast (17)
   (You bought it in a shop on level 9 of the Dungeon)
 n - a wand of clouds (2)
   (You found it on level 8 of the Dungeon)
 t - a wand of flame (9)
   (You found it on level 1 of the Spider Nest)
 u - a wand of paralysis (12)
   (You found it on level 1 of the Lair of Beasts)
 v - a wand of digging (7)
   (You found it on level 1 of the Lair of Beasts)
 x - a wand of acid (21)
   (You found it on level 7 of the Dungeon)
 y - a wand of enslavement (17)
   (You took it off a kobold demonologist on level 11 of the Dungeon)
 z - a wand of polymorph (28)
   (You took it off an orc knight on level 11 of the Dungeon)
Scrolls
 e - 14 scrolls of teleportation
 g - 5 scrolls of enchant armour
 j - 4 scrolls of fog
 m - 13 scrolls of identify
 p - 4 scrolls of magic mapping
 q - 3 scrolls of brand weapon
 r - 4 scrolls of immolation
 s - 6 scrolls of blinking
 E - 5 scrolls of fear
 K - 8 scrolls of remove curse
 M - 4 scrolls of enchant weapon
Miscellaneous
 f - 2 phantom mirrors
 A - a lamp of fire
   (You found it on level 11 of the Dungeon)
 C - a sack of spiders
 N - a box of beasts


   Skills:
 + Level 11.5 Fighting
 - Level 1.5 Dodging
 - Level 1.5 Stealth
 - Level 4.0 Shields
 * Level 18.2 Spellcasting
 * Level 13.4 Conjurations
 * Level 13.7 Fire Magic
 - Level 3.0 Poison Magic
 - Level 5.0 Evocations


You had 30 spell levels left.
You knew the following spells:

 Your Spells              Type           Power        Failure   Level  Hunger
a - Bolt of Magma         Conj/Fire/Erth ########..   1%          5    N/A
b - Throw Flame           Conj/Fire      ######       0%          2    N/A
q - Sticky Flame          Conj/Fire      ########     1%          4    N/A
s - Olgreb's Toxic Radia  Pois           #####...     7%          4    N/A
w - Blink                 Tloc           N/A          3%          2    N/A
z - Fireball              Conj/Fire      ########..   1%          5    N/A

Your spell library contained the following spells:

 Spells                   Type           Power        Failure   Level  Hunger
 Flame Tongue             Conj/Fire      #####        0%          1    N/A
 Magic Dart               Conj           ####         0%          1    N/A
 Sting                    Conj/Pois      ####         1%          1    N/A
 Conjure Flame            Conj/Fire      ########     1%          3    N/A
 Dazzling Spray           Conj/Hex       ######       1%          3    N/A
 Inner Flame              Hex/Fire       #######.     1%          3    N/A
 Mephitic Cloud           Conj/Pois/Air  ######..     1%          3    N/A
 Corona                   Hex            ####...      2%          1    N/A
 Call Imp                 Summ           ####....     3%          2    N/A
 Ensorcelled Hibernation  Hex/Ice        ####..       3%          2    N/A
 Slow                     Hex            ####....     3%          2    N/A
 Irradiate                Conj/Tmut      ######....   4%          5    N/A
 Confuse                  Hex            ####....     7%          3    N/A
 Tukima's Dance           Hex            ####....     7%          3    N/A
 Leda's Liquefaction      Hex/Erth       ####......   22%         4    N/A
 Iron Shot                Conj/Erth      ######....   22%         6    N/A
 Haunt                    Necr/Summ      #####.....   100%        7    N/A
 Infestation              Necr           #####.....   100%        8    N/A
 Shatter                  Erth           ####......   100%        9    N/A
 Spider Form              Tmut/Pois      Unusable     N/A         3    N/A
 Hydra Form               Tmut           Unusable     N/A         6    N/A
 Statue Form              Tmut/Erth      Unusable     N/A         6    N/A
 Dragon Form              Tmut           Unusable     N/A         7    N/A
 Borgnjor's Revivificati  Necr           Unusable     N/A         8    N/A
 Death's Door             Chrm/Necr      Unusable     N/A         8    N/A
 Necromutation            Tmut/Necr      Unusable     N/A         8    N/A

Dungeon Overview and Level Annotations

Branches:
Dungeon (15/15)            Temple (1/1) D:5            Lair (6/6) D:11
 Shoals (0/4) Lair:2       Spider (4/4) Lair:4        Slime (0/5) Lair:6
    Orc (2/2) D:10            Elf (0/3) Orc:2        Vaults (0/5) D:14
 Depths (0/5) D:15        Volcano (visited)         Gauntlet (visited)

Altars:
Ashenzari
Cheibriados
Dithmenos
Elyvilon
Fedhas
Gozag
Hepliaklqana
Kikubaaqudgha
Makhleb
Nemelex Xobeh
Okawaru
Qazlal
Ru
Sif Muna
Trog
Uskayaw
Vehumet
Wu Jian
Xom
Yredelemnul
Zin
The Shining One
Beogh

Shops:
D:9 }   D:12 =   Orc:2 [}=%?:

Annotations:
Lair:3 2 transporters, Ezoatsupp's ghost, journeyman HOFi


Innate Abilities, Weirdness & Mutations

You do not eat or drink.
Your flesh is vulnerable to fire.
You are immune to poison.
Your flesh is cold resistant. (rC+)
You are immune to negative energy. (rN+++)
You are immune to unholy pain and torment.
You can survive without breathing.
You are in touch with the powers of death.


Message History

The orb spider looks even sicker.
Your toxic aura wanes.
The orb spider begins to weave its threads into a brightly glowing ball.
You feel you are being watched by something.
You feel your power leaking away. Something hits you.
You feel clumsy. Something barely misses you.
Something stings you but does no damage.
The tarantella misses you.
The orb spider begins to weave its threads into a brightly glowing ball.
Unknown command.
You're too confused!
Okay, then.
Something hits you but does no damage. Something hits you!
You feel weakened. Something stings you. The tarantella closely misses you.
Something hits you!
You feel clumsy. Something hits you but does no damage.
Something barely misses you. The tarantella bites you!
* * * LOW HITPOINT WARNING * * *
You are more confused.
Unknown command.
You reach into the bag... ...but nothing happens.
The tarantella completely misses you.
The orb spider weaves a glowing orb of energy.
Something hits you!
* * * LOW HITPOINT WARNING * * *
Something hits you!
* * * LOW HITPOINT WARNING * * *
Something completely misses you.
The orb spider weaves a glowing orb of energy. 2 orbs of destruction come into view.
Unknown command.
Unknown command.
Unknown command.
The tarantella closely misses you.
You feel you are being watched by something.
Something hits you.
* * * LOW HITPOINT WARNING * * *
Something hits you!
* * * LOW HITPOINT WARNING * * *
Something stings you but does no damage.
The tarantella bites you!
* * * LOW HITPOINT WARNING * * *
You are more confused.
The orb of destruction hits you!!!
You die...

.# #.
###.##
##...#.#
##... ..#
..^ ...#
#.##..##
#@s.#..##
##{○○^..^#
#..*.s..##
###.○.#..#
##s.^.##
.#<.# #...#
.......
.^.^.......


You could see 2 orb spiders and a tarantella.

Vanquished Creatures
  Bai Suzhen (Spider:3)
  Agnes (D:14)
  Donald (Spider:2)
  3 emperor scorpions
  An entropy weaver (Spider:1)
  A minotaur (Gauntlet)
  A yaktaur captain (D:15)
  6 ogre magi
  An ice dragon (D:11)
  3 centaur warriors
  6 hydras
  A catoblepas (Lair:6)
  4 tengu warriors
  22 two-headed ogres
  8 death yaks
  A deep troll shaman (Lair:6)
  An orc high priest (Orc:2)
  Urug (Lair:6)
  A deep elf knight (D:14)
  4 unseen horrors
  A skeletal warrior (D:14)
  2 wizards
  4 orc knights
  A wolf spider zombie (D:15)
  2 deep elf magi (D:14)
  11 orb spiders
  14 wolf spiders
  A necromancer (Lair:3)
  6 cyclopes
  A shining eye (Gauntlet)
  14 ugly things
  4 manticores
  3 moths of wrath
  4 centaur zombies
  5 elephants
  6 black mambas
  10 spiny frogs
  2 torpor snails
  4 gargoyles
  2 rime drakes
  7 komodo dragons
  5 kobold demonologists
  15 demonic crawlers
  3 yaktaurs
  2 tengu conjurers (D:15)
  An efreet (D:13)
  25 jumping spiders
  A queen bee (D:7)
  10 trolls
  A polar bear (Lair:6)
  A hornet (Lair:4)
  11 dream sheep
  23 blink frogs
  6 slime creatures (D:15)
  The ghost of sigonnn the Cudgeler, an amateur GrBe of Trog (D:4)
  7 hippogriffs
  A meliai zombie (D:13)
  3 shadows
  57 redbacks
  2 vampires (D:14)
  13 tarantellas
  A yak (shapeshifter) (D:12)
  27 yaks
  4 wraiths
  A steam dragon (Lair:4)
  A wyvern (Lair:5)
  4 basilisks
  2 hungry ghosts
  A golden eye (Gauntlet)
  A human (shapeshifter) (D:11)
  A vampire mosquito (D:11)
  2 wargs
  3 acid dragons
  Edmund (D:4)
  12 water moccasins
  5 porcupines
  A floating eye (Gauntlet)
  3 sky beasts
  A hornet zombie (D:8)
  2 black bears
  3 ice beasts
  6 phantoms
  An eye of draining (D:8)
  18 orc warriors
  47 ogres
  3 elephant zombies (Lair:3)
  A necrophage (D:9)
  33 wolves
  15 centaurs
  12 crocodiles
  9 big kobolds
  22 bullfrogs
  A wyvern zombie (D:11)
  A komodo dragon zombie (Lair:3)
  5 gnoll sergeants
  8 scorpions
  A wyvern skeleton (D:7)
  A hornet simulacrum (D:15)
  9 wights
  31 killer bees
  4 electric eels
  9 howler monkeys
  7 crimson imps
  9 hounds
  3 bullfrog zombies
  11 orc priests
  5 bullfrog skeletons
  4 jellies
  14 orc wizards
  Crazy Yiuf (D:2)
  8 centaur skeletons
  4 iguanas
  15 worker ants
  A centaur simulacrum (D:4)
  A crocodile zombie (Lair:3)
  A hound zombie (D:11)
  3 worker ant zombies
  17 gnolls
  A howler monkey skeleton (D:8)
  12 adders
  6 shadow imps
  A white imp (D:4)
  A worker ant simulacrum (D:4)
  3 oozes
  6 worms
  2 dart slugs
  An adder simulacrum (D:4)
  12 leopard geckos
  74 orcs
  6 bats
  6 giant cockroaches
  7 hobgoblins
  3 jackals
  26 kobolds
  3 quokkas
  7 frilled lizards
  A giant cockroach simulacrum (D:4)
  7 goblins
  A jackal zombie (D:5)
  A leopard gecko zombie (D:5)
  A quokka skeleton (D:6)
  6 rats
  4 bushes
  6 fungi
  A plant (Lair:5)
982 creatures vanquished.

Vanquished Creatures (others)
  A wolf spider (Spider:3)
  A dream sheep (Lair:6)
  4 fungi
  5 plants
11 creatures vanquished.

Grand Total: 993 creatures vanquished

Notes
Turn   | Place    | Note
-------+----------+-------------------------------------------
     0 | D:1      | vurker the Mummy Fire Elementalist began the quest for the
                  | Orb.
     0 | D:1      | Reached XP level 1. HP: 13/13 MP: 4/4
     3 | D:1      | Noticed an electric eel
   160 | D:1      | Reached skill level 1 in Conjurations
   291 | D:1      | Reached skill level 3 in Spellcasting
   291 | D:1      | Reached XP level 2. HP: 20/20 MP: 3/6
   295 | D:1      | Learned a level 2 spell: Throw Flame
   600 | D:1      | Noticed an electric eel
  1003 | D:2      | Reached XP level 3. HP: 23/25 MP: 5/7
  1124 | D:2      | Found an ornate altar of the Wu Jian Council.
  2005 | D:2      | Found a glowing silver altar of Zin.
  2005 | D:2      | Found an opulent altar of Gozag.
  2021 | D:2      | Became a worshipper of Gozag Ym Sagoz the Greedy
  2103 | D:2      | Found a runed translucent door.
  2104 | D:2      | Noticed Crazy Yiuf
  2111 | D:2      | Learned a level 3 spell: Conjure Flame
  2114 | D:2      | Learned a level 2 spell: Blink
  2282 | D:2      | Found a glowing silver altar of Zin.
  2282 | D:2      | Found an opulent altar of Gozag.
  2469 | D:2      | Found an ornate altar of the Wu Jian Council.
  2562 | D:2      | Killed Crazy Yiuf
  2562 | D:2      | Reached skill level 1 in Fighting
  2562 | D:2      | Reached XP level 4. HP: 32/32 MP: 5/9
  3214 | D:3      | Noticed a hippogriff
  3478 | D:3      | Killed a hippogriff
  3478 | D:3      | Reached skill level 4 in Spellcasting
  3478 | D:3      | Reached XP level 5. HP: 25/38 MP: 4/11
  3478 | D:3      | Reached XP level 6. HP: 30/44 MP: 4/12
  3934 | D:3      | Found a hazy altar of Hepliaklqana.
  3935 | D:3      | Found an ancient bone altar of Kikubaaqudgha.
  4217 | D:3      | Reached skill level 5 in Spellcasting
  5112 | D:4      | Reached XP level 7. HP: 38/51 MP: 6/15
  5736 | D:4      | Noticed sigonnn's ghost (amateur GrBe)
  5906 | D:4      | Reached skill level 6 in Spellcasting
  6111 | D:4      | Found a runed translucent gate.
  6112 | D:4      | Found a runed translucent gate.
  6113 | D:4      | Found a runed translucent gate.
  6784 | D:5      | Entered Level 5 of the Dungeon
  6788 | D:5      | Noticed Edmund
  6825 | D:4      | Killed Edmund
  7043 | D:5      | Reached XP level 8. HP: 41/58 MP: 11/17
  7320 | D:5      | Learned a level 4 spell: Sticky Flame
  7326 | D:5      | Learned a level 5 spell: Fireball
  7481 | D:5      | Reached skill level 5 in Fire Magic
  7601 | D:5      | Reached skill level 7 in Spellcasting
  7972 | D:5      | Found a staircase to the Ecumenical Temple.
  8043 | Temple   | Entered the Ecumenical Temple
  8261 | D:5      | Found a shadowy altar of Dithmenos.
  8750 | D:6      | Found an iron altar of Okawaru.
  8900 | D:6      | Reached skill level 1 in Shields
  9052 | D:6      | Found a white marble altar of Elyvilon.
  9448 | D:6      | Reached skill level 5 in Conjurations
  9659 | D:6      | Reached XP level 9. HP: 60/65 MP: 16/20
 10230 | D:6      | Found a white marble altar of Elyvilon.
 10767 | D:6      | Found an iron altar of Okawaru.
 11501 | D:6      | Found a white marble altar of Elyvilon.
 11727 | D:6      | Found an iron altar of Okawaru.
 11947 | D:7      | Reached skill level 8 in Spellcasting
 14501 | D:8      | Reached skill level 9 in Spellcasting
 14518 | D:8      | HP: 1/67 [hornet zombie (14)]
 14803 | D:8      | Reached skill level 5 in Fighting
 14803 | D:8      | Reached XP level 10. HP: 73/74 MP: 13/23
 16116 | D:8      | Found a shadowy altar of Dithmenos.
 16704 | D:8      | Found a shimmering blue altar of Sif Muna.
 16729 | D:8      | Reached skill level 10 in Spellcasting
 17342 | D:9      | Found Ruttolus's Gadget Emporium.
 17350 | D:9      | Bought a wand of iceblast (12) for 240 gold pieces
 17350 | D:9      | Bought a wand of acid (8) for 360 gold pieces
 17350 | D:9      | Bought a wand of iceblast (10) for 210 gold pieces
 17725 | D:9      | Noticed a two-headed ogre
 17741 | D:9      | Killed a two-headed ogre
 18031 | D:9      | Reached skill level 1 in Evocations
 18094 | D:9      | Found a stormy altar of Qazlal.
 18214 | D:9      | Found a blossoming altar of Fedhas.
 18249 | D:10     | Entered Level 10 of the Dungeon
 18302 | D:10     | You fall into a shaft and drop 1 floor!
 18507 | D:11     | Noticed a manticore
 18517 | D:11     | Killed a manticore
 18517 | D:11     | Reached XP level 11. HP: 47/81 MP: 10/25
 18805 | D:11     | Found a staircase to the Lair.
 18917 | D:11     | Got a pitted trident
 20588 | D:10     | Reached skill level 11 in Spellcasting
 20951 | D:10     | Found a staircase to the Orcish Mines.
 21700 | D:11     | Noticed an unseen horror
 21702 | D:11     | Killed an unseen horror
 21961 | D:11     | Noticed a seven-headed hydra
 21970 | D:11     | Killed a seven-headed hydra
 21971 | D:11     | Noticed an ice dragon
 22077 | D:11     | Noticed an orc knight
 22099 | D:10     | Killed an orc knight
 22617 | D:11     | Noticed an unseen horror
 22622 | D:11     | Killed an unseen horror
 23807 | D:11     | Noticed a red ugly thing
 23873 | D:11     | Noticed a centaur warrior
 24079 | D:11     | Noticed a wizard
 24085 | D:11     | Killed a wizard
 24085 | D:11     | Reached skill level 12 in Spellcasting
 24085 | D:11     | Reached XP level 12. HP: 91/91 MP: 1/28
 24239 | D:11     | Identified the +1 leather armour of Ethics {Str+6}
 25042 | D:11     | Noticed a two-headed ogre
 27444 | D:11     | Killed a two-headed ogre
 27501 | D:11     | Killed a centaur warrior
 28544 | D:11     | Noticed a tengu warrior
 28552 | D:11     | Killed a tengu warrior
 29006 | D:11     | Killed an ice dragon
 29120 | D:11     | Found a staircase to the Lair.
 29696 | D:4      | Reached skill level 13 in Spellcasting
 29906 | D:4      | Killed sigonnn's ghost
 30933 | Lair:1   | Entered Level 1 of the Lair of Beasts
 31251 | Lair:1   | Noticed an eight-headed hydra
 31258 | Lair:1   | Killed an eight-headed hydra
 32042 | Lair:1   | Gained mutation: You are in touch with the powers of death.
                  | [Mummy growth]
 32042 | Lair:1   | Reached XP level 13. HP: 98/98 MP: 14/30
 32818 | Lair:2   | Reached skill level 10 in Fire Magic
 33788 | Lair:2   | Found a staircase to the Shoals.
 34766 | Lair:3   | Reached skill level 10 in Conjurations
 35887 | Lair:3   | Noticed Ezoatsupp's ghost (journeyman HOFi)
 35890 | Lair:3   | Found a transporter.
 35896 | Lair:3   | Found a transporter.
 36113 | Lair:3   | Reached skill level 5 in Evocations
 36291 | Lair:3   | Reached skill level 14 in Spellcasting
 37326 | Lair:4   | Got a brightly glowing chain mail
 38102 | Lair:4   | Found a hole to the Spider Nest.
 39523 | Lair:5   | Found an iron altar of Okawaru.
 40437 | Lair:6   | Entered Level 6 of the Lair of Beasts
 40442 | Lair:6   | Reached XP level 14. HP: 106/106 MP: 26/32
 41246 | Lair:6   | Got a brightly glowing trident
 41534 | Lair:6   | Noticed Urug
 41896 | Lair:6   | Killed Urug
 42172 | Lair:6   | Reached skill level 15 in Spellcasting
 42491 | Lair:6   | Found a staircase to the Slime Pits.
 43378 | Lair:6   | Got a pitted granite ring
 43379 | Lair:6   | Identified the ring "Icyor" {rF+ Stlth+} (You found it on
                  | level 6 of the Lair of Beasts)
 44929 | D:12     | Found Qaecvath's Jewellery Emporium.
 44941 | D:12     | Bought an uncursed amulet of harm for 390 gold pieces
 45690 | Orc:1    | Entered Level 1 of the Orcish Mines
 45784 | Orc:1    | Found a dark tunnel.
 45921 | Volcano  | Entered a volcano
 45963 | Orc:2    | Entered Level 2 of the Orcish Mines
 46279 | Orc:2    | Found a staircase to the Elven Halls.
 47640 | Orc:2    | Found a roughly hewn altar of Beogh.
 48065 | Orc:2    | Reached XP level 15. HP: 115/115 MP: 20/34
 48237 | Orc:2    | Reached skill level 16 in Spellcasting
 48321 | Orc:2    | Reached skill level 10 in Fighting
 49253 | Orc:2    | Found Vuluin's Food Boutique.
 49253 | Orc:2    | Found Xang's Gadget Shoppe.
 49254 | Orc:2    | Found Xececag's Jewellery Shoppe.
 49254 | Orc:2    | Found Eproeh's Antique Armour Shop.
 49262 | Orc:2    | Bought the ring of Vobla {Fire Int+4} for 686 gold pieces
 49266 | Orc:2    | Bought the +1 cloak of Starlight {rElec rC+ EV+4 Stlth--}
                  | for 979 gold pieces
 49266 | Orc:2    | Found the +1 cloak of Starlight {rElec rC+ EV+4 Stlth--}
 49547 | Orc:2    | Bought a scroll of magic mapping for 38 gold pieces
 49547 | Orc:2    | Bought a scroll of teleportation for 33 gold pieces
 49547 | Orc:2    | Bought a scroll of fear for 38 gold pieces
 49549 | Orc:2    | Bought the Incunabulum of Torrid Poison for 799 gold pieces
 49554 | Orc:2    | Learned a level 4 spell: Olgreb's Toxic Radiance
 49869 | D:13     | Found a stormy altar of Qazlal.
 50701 | D:14     | Reached skill level 1 in Poison Magic
 51144 | D:14     | You fall into a shaft and drop 1 floor!
 51144 | D:15     | Entered Level 15 of the Dungeon
 51558 | D:15     | Found a gate leading to a gauntlet.
 51566 | Gauntlet | Entered a Gauntlet
 51566 | Gauntlet | Found a transporter.
 51566 | Gauntlet | Found a large runed translucent door.
 51566 | Gauntlet | Found a large runed translucent door.
 51566 | Gauntlet | Found a large runed translucent door.
 51566 | Gauntlet | Found a large runed translucent door.
 51566 | Gauntlet | Found a runed translucent door.
 51566 | Gauntlet | Found a runed translucent door.
 51566 | Gauntlet | Found a large runed translucent door.
 51566 | Gauntlet | Found a large runed translucent door.
 51566 | Gauntlet | Found a large runed translucent door.
 51566 | Gauntlet | Found a large runed translucent door.
 51566 | Gauntlet | Found a large runed translucent door.
 51566 | Gauntlet | Found a large runed translucent door.
 51567 | Gauntlet | Found a large runed translucent door.
 51567 | Gauntlet | Found a large runed translucent door.
 51575 | Gauntlet | Found a transporter.
 51590 | Gauntlet | Found a transporter.
 51595 | Gauntlet | Found a transporter.
 51612 | Gauntlet | Found a transporter.
 51629 | Gauntlet | Found a transporter.
 51641 | Gauntlet | Found a transporter.
 51647 | Gauntlet | Found a transporter.
 51649 | Gauntlet | Found a transporter.
 51666 | Gauntlet | Found a transporter.
 51672 | Gauntlet | Found a transporter.
 51691 | Gauntlet | Found a transporter.
 51703 | Gauntlet | Found a transporter.
 51709 | Gauntlet | Found a transporter.
 51709 | Gauntlet | Found a transporter.
 51752 | Gauntlet | Found a transporter.
 51771 | Gauntlet | Found a large runed translucent door.
 51772 | Gauntlet | Found a large runed translucent door.
 51776 | Gauntlet | Found a runed translucent gate.
 51776 | Gauntlet | Found a runed translucent gate.
 51776 | Gauntlet | Found a runed translucent gate.
 51778 | Gauntlet | Found a transporter.
 51780 | Gauntlet | Found a transporter.
 51796 | Gauntlet | Found a large runed translucent door.
 51797 | Gauntlet | Found a large runed translucent door.
 51895 | Gauntlet | Identified the cursed +1 morningstar of Wealth {pain, *Rage
                  | +Fly Int+9}
 52172 | Gauntlet | Got a twisted hat
 52200 | Gauntlet | Identified the +2 hat of Brilliance {rF- Str+7 Dex+4} (You
                  | found it in a Gauntlet)
 52483 | Gauntlet | Got a pitted tin amulet
 52492 | Gauntlet | Got a distressingly furry ring mail
 52530 | D:15     | Identified the +1 ring mail of Makhleb's Regard {+Blink
                  | rF+} (You found it in a Gauntlet)
 52531 | D:15     | Identified the amulet "Moejaup" {Gourm +Blink rF- MR++
                  | MP+9} (You found it in a Gauntlet)
 53530 | D:15     | Identified the cursed +0 leather armour of Beogh's Hatred
                  | {rF+ rC+ MR+ Dex+3}
 53705 | D:15     | Found a sacrificial altar of Ru.
 54632 | D:15     | Found a staircase to the Depths.
 54790 | D:14     | Noticed Agnes
 54793 | D:14     | Killed Agnes
 55772 | D:14     | Reached skill level 17 in Spellcasting
 56233 | D:14     | Reached XP level 16. HP: 124/124 MP: 31/37
 56305 | D:14     | Learned a level 5 spell: Bolt of Magma
 56734 | D:14     | Found a gate to the Vaults.
 57528 | Spider:1 | Entered Level 1 of the Spider Nest
 60731 | Spider:2 | Noticed Donald
 60734 | Spider:2 | Killed Donald
 63181 | Spider:3 | Noticed Bai Suzhen
 63196 | Spider:3 | Killed Bai Suzhen
 63196 | Spider:3 | Reached skill level 18 in Spellcasting
 64547 | Spider:4 | Entered Level 4 of the Spider Nest
 64893 | Spider:4 | Reached XP level 17. HP: 131/131 MP: 23/39
 65078 | Spider:4 | Blown up by an orb spider

Levels and vault maps discovered:
D:1:      arrival_aquarium_b, layout_basic
D:2:      layout_loops_ring, grunt_temple_overflow_gold_and_silver,
          overflow_temple_1_default, uniq_crazy_yiuf_cottage
D:3:      layout_loops_corners, gammafunk_temple_overflow_pools
D:4:      cheibrodos_thug_alley, layout_layer_cave, gammafunk_ghost_icy,
          minivault_1
D:5:      layout_cave_pools, grunt_dithmenos_smoke_and_mirrors,
          minmay_temple_entry_statues, first_ration, uniq_edmund
D:6:      layout_loops_corners, elyvilon_altar_1, okawaru_metal_pillars_1_2,
          chequers_serial_rivers_micro_b, minmay_misc_feat_tower
D:7:      layout_layer_cave, skrybe_limestone_x
D:8:      layout_rooms, lemuel_round_altar, basic_altar, david_nohive_1,
          minivault_5
D:9:      layout_long_grid, grunt_temple_overflow_forces_of_nature,
          serial_shops, shop_statue, kennysheep_doodads, minmay_strange_pillars
D:10:     layout_loops_cross, kennysheep_orc_monster_closet_entryway
D:11:     minmay_the_grid_square_5x5_5x5 [minmay_the_grid_square_5x5_trominoes,
          minmay_the_grid_square_5x5_checkered_statues,
          minmay_the_grid_square_5x5_forky, minmay_the_grid_square_5x5_z,
          minmay_the_grid_square_5x5_six, minmay_the_grid_square_5x5_n_small,
          minmay_the_grid_square_5x5_prize_rear_guard,
          minmay_the_grid_square_5x5_bracketed,
          minmay_the_grid_square_5x5_prize_waves,
          minmay_the_grid_square_5x5_moneybag,
          minmay_the_grid_square_5x5_two_walls_a,
          minmay_the_grid_square_5x5_eight,
          minmay_the_grid_square_5x5_prize_snowflake,
          minmay_the_grid_square_5x5_plus,
          minmay_the_grid_square_5x5_eight_small, minmay_the_grid_square_5x5_n,
          minmay_the_grid_square_5x5_prize_junk,
          minmay_the_grid_square_5x5_shrine1,
          minmay_the_grid_square_5x5_prize_pseudospiral,
          minmay_the_grid_square_5x5_percent,
          minmay_the_grid_square_5x5_tri_point, minmay_the_grid_square_5x5_tie,
          minmay_the_grid_square_5x5_intrusive_squares,
          minmay_the_grid_square_5x5_pentomino_r,
          minmay_the_grid_square_5x5_lines], layout_small_grid,
          kennysheep_generic_room_13
D:12:     kennysheep_room_grid, layout_irregular_city, serial_shops,
          kennysheep_little_box, serial_column_ruins,
          column_ruins_circle_medium, column_ruins_grid_5,
          column_ruins_open_tiny_water, column_ruins_grid_1,
          column_ruins_open_tiny, column_ruins_grid_1, column_ruins_grid_4
D:13:     layout_stronghold, minmay_crystal_room,
          nicolae_qazlal_eye_of_the_storm
D:14:     layout_small_grid, hangedman_vaults_entry_quadrant_bands, special_room
          [special_room_orc], ebering_dispersal_statue_hall, uniq_agnes
D:15:     grunt_enter_depths_snipers, layout_basic, gauntlet_entry_generic,
          columned_hall_lemuel, minmay_misc_feat_room, minmay_fountain_box,
          nicolae_ru_awakened_eye
Temple:   minmay_temple_curvy_loop
Lair:1:   layout_long_grid, serial_bayou_shore_a, serial_bayou_shore_b
Lair:2:   layout_gridlike, elwin_shoals_entry_rocks,
          eino_small_chamber_without_monster, grunt_megastairs_3
Lair:3:   pond_and_an_island_with_a_cottage, layout_regular_city,
          gammafunk_ghost_berserking_beasts
Lair:4:   layout_regular_city, nicolae_spider_entry_non_spiders,
          minmay_hedge_maze
Lair:5:   layout_loops_ring, basic_altar, grunt_megastairs_1
Lair:6:   grunt_lair_end_beastmaster, layout_regular_city,
          nicolae_slime_entry_slimehenge, lemuel_fruit_tree,
          lemuel_fruit_fields, infiniplex_staircase_pool, uniq_urug
Spider:1: layout_spider_delve
Spider:2: layout_chambers, nicolae_crawler_farm, uniq_donald
Spider:3: layout_spider_delve, uniq_bai_suzhen
Spider:4: floodkiller_spider_rune_tomb, uniq_kirke
Orc:1:    layout_caves, nicolae_volcano_entry_hallway
Orc:2:    st_orc_ogre_mass, layout_caves, basic_altar

Skill      XL: |  1  2  3  4  5  6  7  8  9 10 11 12 13 14 15 16 |
---------------+-------------------------------------------------+-----
Conjurations   | 1 2 3 4 5 6 7 8 9 10 11 12 13 | 13.4
Spellcasting   | 3 4 5 6 7 9 10 12 13 14 15 17 18 | 18.2
Fighting       | 1 2 3 4 5 7 8 9 10 11 | 11.5
Fire Magic     | 3 4 5 6 7 8 9 10 11 12 13 | 13.7
Shields        | 1 3 4 |  4.0
Evocations     | 1 3 4 5 |  5.0
Poison Magic   | 3 |  3.0
Dodging        | |  1.5
Stealth        | |  1.5

Action                   |  1- 3 |  4- 6 |  7- 9 | 10-12 | 13-15 | 16-18 || total
-------------------------+-------+-------+-------+-------+-------+-------++-------
Melee: Dagger            |    19 |     9 |    45 |   111 |    46 |    11 ||   241
       Staff             |       |       |       |       |       |     9 ||     9
 Cast: Flame Tongue      |    63 |    87 |   338 |   444 |    75 |       ||  1007
       Blink             |     2 |       |       |     6 |     5 |     6 ||    19
       Conjure Flame     |       |     2 |     3 |    17 |    20 |     2 ||    44
       Sticky Flame      |       |       |    19 |    89 |    73 |     6 ||   187
       Throw Flame       |       |       |     1 |    43 |    99 |    17 ||   160
       Fireball          |       |       |       |   114 |   506 |    26 ||   646
       Bolt of Magma     |       |       |       |       |       |   151 ||   151
       Olgreb's Toxic Ra |       |       |       |       |       |    69 ||    69
Invok: Potion Petition   |       |       |     1 |     3 |     1 |       ||     5
       Call Merchant     |       |       |       |       |     2 |       ||     2
Evoke: Wand              |       |       |       |    15 |    23 |     3 ||    41
       Lamp of fire      |       |       |       |     1 |       |       ||     1
       Sack of spiders   |       |       |       |       |       |     1 ||     1
  Use: Scroll            |       |     5 |     1 |    10 |     8 |     2 ||    26
 Stab: Sleeping          |     1 |       |     1 |     1 |       |       ||     3
       Distracted        |       |       |     1 |       |     1 |     1 ||     3
       Invisible         |       |       |       |     1 |       |       ||     1
Armor: Robe              |     1 |     4 |    18 |    36 |    35 |       ||    94
       Leather armour    |       |       |       |     5 |     1 |    38 ||    44
Dodge: Dodged            |    28 |    35 |   138 |   231 |   130 |    88 ||   650
Block: Buckler           |       |       |       |    82 |    54 |    39 ||   175

Table legend:
 A = Non-vault XP
 B = Vault XP
 C = Vault XP percentage of total XP
 D = Non-vault monster count
 E = Vault monster count
 F = Vault count percentage of total count
                 A         B        C        D         E       F
            +---------+---------+-------+---------+---------+-------
      Total |  136032 |   80358 |  37.1 |     719 |     253 |  26.0
            +---------+---------+-------+---------+---------+-------
        D:1 |      29 |       0 |   0.0 |      18 |       0 |   0.0
        D:2 |      39 |      39 |  50.0 |      17 |       1 |   5.6
        D:3 |     532 |       0 |   0.0 |      23 |       0 |   0.0
        D:4 |     472 |     696 |  59.6 |      25 |      17 |  40.5
        D:5 |     603 |       0 |   0.0 |      27 |       0 |   0.0
        D:6 |    1010 |       0 |   0.0 |      24 |       0 |   0.0
        D:7 |    2345 |     301 |  11.4 |      42 |       1 |   2.3
        D:8 |    1948 |     805 |  29.2 |      25 |      13 |  34.2
        D:9 |    1689 |       0 |   0.0 |      15 |       0 |   0.0
       D:10 |    2155 |    4001 |  65.0 |      26 |      26 |  50.0
       D:11 |    4724 |   12415 |  72.4 |      36 |      41 |  53.2
       D:12 |    1505 |    4506 |  75.0 |      24 |      13 |  35.1
       D:13 |    4118 |       0 |   0.0 |      12 |       0 |   0.0
       D:14 |    4144 |    9697 |  70.1 |      22 |      39 |  63.9
       D:15 |   20298 |    2392 |  10.5 |      48 |       3 |   5.9
     Lair:1 |    4901 |     105 |   2.1 |      20 |       1 |   4.8
     Lair:2 |    7511 |     473 |   5.9 |      34 |       4 |  10.5
     Lair:3 |    4382 |    1052 |  19.4 |      25 |       6 |  19.4
     Lair:4 |    5905 |     481 |   7.5 |      16 |       8 |  33.3
     Lair:5 |    5565 |    1540 |  21.7 |      25 |       6 |  19.4
     Lair:6 |    7583 |   10327 |  57.7 |      30 |      19 |  38.8
   Spider:1 |   15761 |       0 |   0.0 |      47 |       0 |   0.0
   Spider:2 |   15108 |    4183 |  21.7 |      46 |       8 |  14.8
   Spider:3 |   11408 |    5518 |  32.6 |      30 |       2 |   6.2
   Spider:4 |    5683 |     229 |   3.9 |      12 |       1 |   7.7
      Orc:1 |    1185 |       0 |   0.0 |       9 |       0 |   0.0
      Orc:2 |    5429 |   18973 |  77.8 |      41 |      39 |  48.8
   Gauntlet |       0 |    2625 | 100.0 |       0 |       5 | 100.0
            +---------+---------+-------+---------+---------+-------
